 Dungeon Crawl Stone Soup version 0.31-a0-222-gefeffbb62a (webtiles) character file.

Game seed: 10805606165818330992

11547 innerfire43 the Fighter (level 11, -1/93 HPs)
             Began as a Demonspawn Monk on July 5, 2023.
             Was a High Priest of Yredelemnul.
             Slain by a 15-headed hydra (2 damage)
             ... on level 1 of the Lair of Beasts.
             The game lasted 00:13:40 (9424 turns).

innerfire43 the Fighter (Demonspawn Monk)           Turns: 9424, Time: 00:13:40

Health: -1/93      AC: 15    Str: 16    XL:     11   Next: 50%
Magic:  0/20       EV: 15    Int: 11    God:    Yredelemnul [*****.]
Gold:   457        SH:  0    Dex: 16    Spells: 10/10 levels left

rFire   . . .        h - +6 war axe (elec)
rCold   + . .        d - orb {light}
rNeg    + . .        m - +4 ring mail {rN+}
rPois   +            (no helmet)
rElec   .            B - scarf "Fosch" {+Inv, rC+ rCorr}
rCorr   +            R - +1 pair of gloves
SInv    .            w - +0 pair of boots
Will    .....        A - amulet of guardian spirit
Stlth   +            j - ring of poison resistance
HPRegen 0.35/turn    q - ring of magical power
MPRegen 0.34/turn

%: guardian spirit
@: glowing
A: hooves 2, icy blue scales 2, demonic guardian 2, magic shield, magic
regeneration
a: Renounce Religion, Evoke Invisibility, Recall Undead Harvest, Dark Bargain,
Drain Life, Bind Soul


You were on level 1 of the Lair of Beasts.
You worshipped Yredelemnul.
Yredelemnul was noncommittal.
You visited 2 branches of the dungeon, and saw 10 of its levels.
You also visited: Ossuary.

You collected 524 gold pieces.
You spent 67 gold pieces at shops.

Inventory:

Hand Weapons
 a - a +0 hand axe
 e - a +0 short sword
 h - a +6 war axe of electrocution (weapon)
 k - a +0 war axe
 o - a +2 whip of freezing
 u - a +2 dagger of speed
Missiles
 z - a throwing net
Armour
 b - a +0 robe
 d - an orb of light (worn)
 i - a +0 buckler
 m - a +4 ring mail of positive energy (worn)
 r - a +0 pair of gloves
 w - a +0 pair of boots (worn)
 B - the scarf "Fosch" (worn) {+Inv, rC+ rCorr}
   (You found it on level 5 of the Dungeon)

   rC:        It protects you from cold.
   rCorr:     It protects you from acid and corrosion.
 C - +0 steam dragon scales
 R - a +1 pair of gloves (worn)
Jewellery
 j - a ring of poison resistance (left hand)
 q - a ring of magical power (right hand)
 A - an amulet of guardian spirit (around neck)
 F - a ring of fire
Wands
 n - a wand of charming (22)
 E - a wand of mindburst (4)
 S - a wand of quicksilver (9)
 T - a wand of polymorph (6)
 U - a wand of flame (30)
 V - a wand of iceblast (5)
Scrolls
 c - 2 scrolls of teleportation
 l - a scroll of fear
 x - 4 scrolls of identify
 y - a scroll of acquirement {unknown}
 H - a scroll of blinking
 W - a scroll of poison
Potions
 f - 3 potions of enlightenment
 g - a potion of mutation {unknown}
 p - a potion of degeneration
 s - a potion of brilliance
 t - a potion of magic
 v - a potion of invisibility
 D - a potion of lignification
 G - a potion of berserk rage {unknown}
 I - a potion of cancellation {unknown}
 J - 4 potions of curing
 L - a potion of resistance {unknown}
 M - 3 potions of heal wounds
 N - 2 potions of haste {unknown}
 Q - 2 potions of might {unknown}


   Skills:
 + Level 11.1 Fighting
 * Level 10.5 Axes
 + Level 10.0 Dodging


You had 10 spell levels left.
You didn't know any spells.
Your spell library contained the following spells:

 Spells                   Type           Power      Damage    Failure   Level
 Blink                    Tloc           0%         N/A       71%         2
 Lesser Beckoning         Tloc           0%         N/A       71%         2
 Momentum Strike          Conj/Tloc      0%         3d8       71%         2
 Poisonous Vapours        Pois/Air       0%         N/A       71%         2
 Mephitic Cloud           Conj/Pois/Air  0%         N/A       90%         3
 Freezing Cloud           Conj/Ice/Air   0%         6-21      100%        5


Dungeon Overview and Level Annotations

Branches:
Dungeon (9/15)             Temple (0/1) D:6            Lair (1/5) D:9
Ossuary (visited)
    Orc: D:9-12

Altars:
Ashenzari
Fedhas
Gozag
Sif Muna
Yredelemnul

Shops:
D:4 (   D:6 **(


Innate Abilities, Weirdness & Mutations

You have hoof-like feet.
You are mostly covered in icy blue scales. (AC +3)
A demonic guardian rushes to your aid.
When hurt, damage is shared between your health and your magic reserves.
You regenerate magic rapidly.


Message History

The 13-headed hydra misses you. The 13-headed hydra bites you. x5
* * * LOW HITPOINT WARNING * * *
The 13-headed hydra bites you.
* * * LOW HITPOINT WARNING * * *
The 13-headed hydra closely misses you. The 13-headed hydra barely misses you.
The 13-headed hydra bites you but does no damage.
Unknown command.
You slice one of the 13-headed hydra's heads off!
The 12-headed hydra grows two more!
You hit the 14-headed hydra.
The 14-headed hydra is heavily wounded.
You slash the komodo dragon!
You kill the komodo dragon!
Your black mamba zombie barely misses the 14-headed hydra.
Your bullfrog zombie hits the polar bear but does no damage.
Your black mamba zombie bites the 14-headed hydra!
The polar bear bites your cane toad zombie!
The polar bear claws your cane toad zombie.
The polar bear claws your cane toad zombie but does no damage.
You chop one of the 14-headed hydra's heads off!
The 13-headed hydra grows two more!
You slice the 15-headed hydra!!
The 15-headed hydra is severely wounded.
Your bullfrog zombie barely misses the polar bear.
The 15-headed hydra bites you.
* * * LOW HITPOINT WARNING * * *
The 15-headed hydra barely misses you. The 15-headed hydra bites you!
* * * LOW HITPOINT WARNING * * *
A demonic guardian appears!
The 15-headed hydra bites you but does no damage.
The 15-headed hydra bites you.
* * * LOW HITPOINT WARNING * * *
The 15-headed hydra bites you but does no damage. x2
The 15-headed hydra bites you.
* * * LOW HITPOINT WARNING * * *
The 15-headed hydra bites you but does no damage.
The 15-headed hydra bites you!
* * * LOW HITPOINT WARNING * * *
The 15-headed hydra bites you but does no damage. x2
The 15-headed hydra bites you.
You die...
Your body rises from the dead as a mindless zombie.

,,,,,,,** ****** ***
,,,,,,,,* *,,,,*##P*
,,,,,,*********,,,*[.#*
,,,,,,*##*,,####*#..)*
,,,,,..#...,,...#...***
,,,,...#....,,.Z.#.*,,*
,,,........#***~h.##,,*
,,,....#...## *#DZ.#,,*
,,.........~####@Z4#*,*
,,.....#......ZZZZ.#***
,,,#.#........Z.Z..#
****#..#.#.#.#######
#..............#
#......#########
#......# #P....##
##...##


You could see a 15-headed hydra (ally target), a polar bear (ally target), a
friendly hellwing (summoned), a friendly komodo dragon zombie, a friendly
basilisk zombie, a friendly water moccasin zombie, a friendly black mamba
zombie, 2 friendly bullfrog zombies, 2 friendly cane toad zombies and a friendly
blink frog zombie.

Vanquished Creatures
  A cyclops (D:7)
  2 cane toads (Lair:1)
  Maggie (D:6)
  An unseen horror (D:7)
  2 komodo dragons (Lair:1)
  A polar bear (Lair:1)
  A queen bee (D:8)
  A hornet (D:7)
  4 blink frogs (Lair:1)
  A wyvern (D:7)
  A steam dragon (D:9)
  3 water moccasins
  3 black bears
  2 ice beasts (D:8)
  An ogre (D:5)
  2 wolves (D:9)
  6 centaurs
  4 kobold brigands
  2 komodo dragon zombies (Lair:1)
  5 bullfrogs
  11 scorpions
  4 wights
  15 killer bees
  3 howler monkeys
  An electric eel (D:9)
  A centaur zombie (Ossuary)
  4 hounds
  A human zombie (Ossuary)
  A gnoll bouda (D:4)
  An orc priest (D:6)
  3 jellies
  A sleepcap (D:7)
  Jessica (D:3)
  An iguana (D:5)
  5 orc wizards
  4 scorpion zombies (Ossuary)
  3 mummies (Ossuary)
  7 gnolls (D:4)
  6 adders
  2 dart slugs
  28 orcs
  9 ball pythons
  5 endoplasms
  3 gnoll zombies (Ossuary)
  9 goblins
  3 hobgoblins
  11 jackals
  19 kobolds
  4 quokkas
  7 bats
  A kobold zombie (Ossuary)
  An orc zombie (Ossuary)
  3 rats
222 creatures vanquished.

Vanquished Creatures (collateral kills)
  A black mamba (Lair:1)
  A cane toad (Lair:1)
  2 komodo dragons (Lair:1)
  A troll (D:9)
  A blink frog (Lair:1)
  A basilisk (Lair:1)
  2 wyverns
  2 water moccasins (Lair:1)
  A sky beast (D:7)
  A phantom (D:5)
  A wolf (D:9)
  A kobold brigand (D:7)
  2 bullfrogs (Lair:1)
  3 wights
  10 killer bees
  A human zombie (Ossuary)
  An orc wizard (D:5)
  A hound zombie (D:5)
  2 gnolls (D:4)
  4 orcs
  A goblin (D:4)
  A jackal (D:1)
  A bat (D:2)
  9 kobolds
  A rat (D:1)
  A rat zombie (D:7)
53 creatures vanquished.

Vanquished Creatures (others)
  A water moccasin zombie (Lair:1)
  A wolf zombie (D:9)
  2 centaur zombies
  A bullfrog zombie (D:9)
  5 killer bee zombies
  A hound zombie (D:6)
  A howler monkey zombie (D:5)
  An iguana zombie (D:5)
  An adder zombie (D:6)
  A jelly zombie (D:5)
  An orc (D:6)
  A gnoll zombie (D:4)
  A goblin zombie (D:2)
  A hobgoblin zombie (D:4)
  5 kobold zombies
  8 orc zombies
32 creatures vanquished.

Grand Total: 307 creatures vanquished

Notes
Turn   | Place    | Note
-------+----------+-------------------------------------------
     0 | D:1      | innerfire43 the Demonspawn Monk began the quest for the
                  | Orb.
     0 | D:1      | Reached XP level 1. HP: 18/18 MP: 1/1
    93 | D:1      | Found a faded altar of an unknown god.
    93 | D:1      | Noticed a blizzard demon
   150 | D:1      | Prayed at the altar of an unknown god.
   150 | D:1      | Became a worshipper of Yredelemnul the Dark
   150 | D:1      | Reached * piety under Yredelemnul
   218 | D:1      | Gained mutation: You have large cloven feet. [demonic
                  | ancestry]
   218 | D:1      | Reached XP level 2. HP: 24/24 MP: 2/2
   338 | D:1      | Reached ** piety under Yredelemnul
  1218 | D:2      | Gained mutation: You have hoof-like feet. [demonic
                  | ancestry]
  1218 | D:2      | Reached XP level 3. HP: 29/29 MP: 3/3
  2269 | D:3      | Reached XP level 4. HP: 32/37 MP: 4/4
  2307 | D:3      | You fall into a shaft and drop 2 floors!
  2307 | D:5      | Entered Level 5 of the Dungeon
  2329 | D:5      | Noticed a centaur
  2330 | D:5      | Reached skill level 4 in Fighting
  2334 | D:5      | Gained mutation: You are partially covered in icy blue
                  | scales. (AC +2) [demonic ancestry]
  2334 | D:5      | Reached XP level 5. HP: 4/42 MP: 5/5
  2337 | D:5      | Noticed a centaur
  2342 | D:5      | Killed a centaur
  2361 | D:5      | Killed a centaur
  2362 | D:5      | Gained mutation: A weak demonic guardian rushes to your
                  | aid. [demonic ancestry]
  2362 | D:5      | Reached XP level 6. HP: 50/50 MP: 6/6
  2641 | D:4      | Reached skill level 5 in Fighting
  2897 | D:3      | Noticed Jessica
  2900 | D:3      | Killed Jessica
  3509 | D:4      | Reached XP level 7. HP: 38/56 MP: 7/7
  3556 | D:4      | HP: 2/56 [gnoll/+1 whip of draining[a gnoll bouda] (5)]
  4039 | D:4      | Found Isarimuz's Antique Weapon Shoppe.
  4394 | D:5      | Reached skill level 5 in Axes
  4394 | D:5      | Reached skill level 5 in Dodging
  4425 | D:5      | Reached skill level 6 in Fighting
  4548 | D:5      | Gained mutation: You are mostly covered in icy blue scales.
                  | (AC +3) [demonic ancestry]
  4548 | D:5      | Reached XP level 8. HP: 64/64 MP: 8/8
  4612 | D:5      | Identified the scarf "Fosch" {+Inv, rC+ rCorr}
  4613 | D:5      | Found a shimmering blue altar of Sif Muna.
  4924 | D:6      | Noticed Maggie
  4946 | D:6      | HP: 1/97 [Maggie/+4 war axe of electrocution (13)]
  4947 | D:6      | Killed Maggie
  5190 | D:6      | Found Holyqaeh's Antique Weapon Boutique.
  5228 | D:6      | Found a staircase to the Ecumenical Temple.
  5239 | D:6      | Found Ikexyx Joec's General Store.
  5245 | D:6      | Found Iwnaevedgh's Specific Store.
  5253 | D:6      | Bought a wand of mindburst (4) for 67 gold pieces
  5301 | D:6      | Found a broken altar of Ashenzari.
  5371 | D:6      | Reached skill level 7 in Fighting
  5777 | D:7      | Noticed a hornet
  5787 | D:7      | Killed a hornet
  5842 | D:7      | Gained mutation: A demonic guardian rushes to your aid.
                  | [demonic ancestry]
  5842 | D:7      | Reached XP level 9. HP: 56/72 MP: 9/9
  6089 | D:7      | Reached *** piety under Yredelemnul
  6095 | D:7      | Reached skill level 8 in Fighting
  6108 | D:7      | Found a sand-covered staircase.
  6190 | Ossuary  | Entered an ossuary
  6509 | D:7      | Noticed an unseen horror
  6511 | D:7      | Reached skill level 9 in Fighting
  6523 | D:7      | Killed an unseen horror
  6524 | D:7      | Gained mutation: You regenerate magic rapidly. [demonic
                  | ancestry]
  6524 | D:7      | Reached XP level 10. HP: 45/83 MP: 10/10
  6742 | D:7      | Noticed a cyclops
  6752 | D:7      | Killed a cyclops
  7565 | D:8      | Found an opulent altar of Gozag.
  7599 | D:8      | Found a blossoming altar of Fedhas.
  7643 | D:8      | Reached **** piety under Yredelemnul
  8079 | D:9      | Reached skill level 10 in Fighting
  8150 | D:9      | Found a staircase to the Lair.
  8824 | Lair:1   | Entered Level 1 of the Lair of Beasts
  8833 | Lair:1   | Noticed a cane toad
  8839 | Lair:1   | Killed a cane toad
  8877 | Lair:1   | Gained mutation: When hurt, damage is shared between your
                  | health and your magic reserves. [demonic ancestry]
  8877 | Lair:1   | Reached XP level 11. HP: 92/92 MP: 11/11
  8967 | Lair:1   | Reached skill level 10 in Axes
  9385 | Lair:1   | Reached ***** piety under Yredelemnul
  9385 | Lair:1   | Reached skill level 11 in Fighting
  9414 | Lair:1   | Noticed an eight-headed hydra
  9417 | Lair:1   | Reached skill level 10 in Dodging
  9424 | Lair:1   | HP: 1/93 [15-headed hydra (6)]
  9424 | Lair:1   | Slain by a 15-headed hydra

Illustrated notes

Levels and vault maps discovered:
D:1:      nzn_arrival_water_spiral, layout_loops_corners,
          dreamdust_ecumenical_altar_sealed_demon, hangedman_decor_points,
          st_stairs_1, hangedman_glass_teeth
D:2:      layout_loops_ring, serial_aquarium, aquarium_bridge_straight
          [aquarium_subvault_bridge, aquarium_subvault_wall,
          aquarium_subvault_bridge, aquarium_subvault_wall],
          aquarium_window_fake, aquarium_window_1, aquarium_view_2g,
          aquarium_balcony_1a
D:3:      layout_basic, minmay_misc_feat_square, minmay_close_crescents,
          uniq_jessica
D:4:      layout_loops_corners, serial_shops, nicolae_shop_tiny_waterfront
D:5:      layout_rooms, led_sif_book
D:6:      layout_gridville, evilmike_ruin_ashenzari, minmay_temple_entry_hall,
          serial_shops, nicolae_shop_dealshenge, nicolae_specific_store,
          kennysheep_doodads, uniq_maggie
D:7:      layout_loops_ring, enter_ossuary_3
D:8:      layout_basic, mainiacjoe_overflow_catch_the_wave,
          minmay_misc_feat_five, nicolae_looking_at_the_future
D:9:      layout_gridville, erik_lair_island, serial_bayou_pond_e
Lair:1:   gammafunk_indiana_jones, layout_long_grid,
          hangedman_lair_generics_rect, grunt_megastairs_3

Skill      XL: |  1  2  3  4  5  6  7  8  9 10 11 |
---------------+----------------------------------+-----
Axes           | 3 4 5 6 8 9 10 | 10.5
Dodging        | 3 4 5 6 8 9 10 | 10.0
Fighting       | 4 5 6 7 9 10 11 | 11.1

Action                     |  1- 3 |  4- 6 |  7- 9 | 10-12 || total
---------------------------+-------+-------+-------+-------++-------
  Melee: Hand axe          |    49 |       |       |       ||    49
         Kick              |    20 |    16 |       |       ||    36
         War axe           |    47 |    69 |   238 |   154 ||   508
    Use: Potion            |       |     5 |     3 |       ||     8
         Scroll            |       |       |     9 |     5 ||    14
 Armour: Robe              |    24 |     4 |       |       ||    28
         Skin              |       |    27 |     1 |       ||    28
         Ring mail         |       |    21 |   131 |   101 ||   253
  Dodge: Dodged            |    89 |    52 |   221 |   171 ||   533

Table legend: (Time is in decaauts)
 A = Elapsed time spent in this place.
 B = Non-inter-level travel time spent in this place.
 C = Inter-level travel time spent in this place.
 D = Time resting spent in this place.
 E = Time spent auto-exploring this place.
 F = Levels seen in this place.
 G = Mean time per level.
                   A        B        C        D        E       F      G
               +--------+--------+--------+--------+--------+-----+--------+
         Total |   9522 |   8935 |    587 |      0 |   7168 |  11 |  865.6 |
       Dungeon |   8625 |   8038 |    587 |      0 |   6551 |   9 |  958.3 |
          Lair |    599 |    599 |      0 |      0 |    462 |   1 |  599.0 |
       Ossuary |    297 |    297 |      0 |      0 |    155 |   1 |  297.0 |
               +--------+--------+--------+--------+--------+-----+--------+

Top non-repeatable levels by time:
     D:4: 1421 daAuts
     D:7: 1079 daAuts
     D:1: 1077 daAuts
     D:9: 975 daAuts
     D:2: 970 daAuts
     D:6: 900 daAuts
     D:3: 791 daAuts
     D:8: 720 daAuts
     D:5: 688 daAuts
  Lair:1: 599 daAuts
 Ossuary: 297 daAuts
